 Dungeon Crawl Stone Soup version 0.21.1-1-g345015f (webtiles) character file.

582 Iko the Chopper (level 7, -3/55 HPs)
             Began as a Mummy Chaos Knight on May 2, 2018.
             Slain by a hound (5 damage)
             ... on level 6 of the Dungeon.
             The game lasted 00:10:36 (1239 turns).

Iko the Chopper (Mummy Chaos Knight)                Turns: 1239, Time: 00:10:36

Health: -3/55      AC:  5    Str: 15    XL:     7   Next: 14%
Magic:  7/7        EV: 11    Int: 13    God:    Xom [....*.]
Gold:   56         SH:  0    Dex: 12    Spells: 6/6 levels left

rFire    x . .     SeeInvis .   a - +1 hand axe (chaos)
rCold    + . .     Gourm    .   (no shield)
rNeg     + + +     Faith    .   e - +0 ring mail
rPois    ∞         Spirit   .   (no helmet)
rElec    .         Reflect  .   (no cloak)
rCorr    .         Harm     .   (no gloves)
MR       .....                  (no boots)
Stlth    +.........             (no amulet)
HPRegen  0.18/turn              (no ring)
MPRegen  0.10/turn              (no ring)

@: no status effects
A: no food or potions, fire vulnerability, cold resistance 1, negative energy
resistance 3, torment resistance, unbreathing
a: Renounce Religion


You were on level 6 of the Dungeon.
You worshipped Xom.
You were a beloved toy of Xom.
You were not hungry.

You visited 1 branch of the dungeon, and saw 6 of its levels.

You collected 56 gold pieces.

Inventory:

Hand Weapons
 a - a +1 hand axe of chaos (weapon)
Armour
 e - a +0 ring mail (worn)
Scrolls
 b - a scroll of remove curse
 c - a scroll of magic mapping


   Skills:
 + Level 4.3 Fighting
 + Level 4.6 Axes
 + Level 3.2 Armour
 + Level 2.0 Dodging
 + Level 2.0 Stealth


You had 6 spell levels left.
You didn't know any spells.

Dungeon Overview and Level Annotations

Branches:
Dungeon (6/15)             Temple (0/1) D:4

Altars:


Innate Abilities, Weirdness & Mutations

You do not eat or drink.
Your flesh is vulnerable to fire.
You are immune to poison.
Your flesh is cold resistant. (rC+)
You are immune to negative energy. (rN+++)
You are immune to unholy pain and torment.
You can survive without breathing.


Message History

Something bites you.
You miss something. Something bites you.
* * * LOW HITPOINT WARNING * * *
Something bites you.
* * * LOW HITPOINT WARNING * * *
Something bites you but does no damage. Something bites you.
* * * LOW HITPOINT WARNING * * *
Something bites you but does no damage.
Something bites you but does no damage. x2
Something bites you.
* * * LOW HITPOINT WARNING * * *
Something bites you.
* * * LOW HITPOINT WARNING * * *
Something bites you but does no damage.
There is a stone staircase leading down here.
Something bites you.
* * * LOW HITPOINT WARNING * * *
Something bites you.
You die...

# .# #.## #.#
#...## #.# .....
#.# ##.#.####.#
#.......#.#
...#.....#.#######
#................
##......#@######
#......#.###
#.#.##.†..)#
........<...#
###.......)..#
###.##....(# >..
#.....# ###
#######


There were no monsters in sight!

Vanquished Creatures
  3 ogres
  2 bullfrogs (D:6)
  2 hounds
  2 bullfrog skeletons (D:5)
  A worker ant (D:4)
  4 adders
  2 leopard geckos
  2 ball pythons
  A giant cockroach (D:1)
  A goblin (D:1)
  A hobgoblin (D:1)
  A hobgoblin (shapeshifter) (D:4)
  6 jackals
  2 kobolds (D:1)
  3 quokkas
  A bat (D:2)
  2 rats (D:1)
36 creatures vanquished.

Notes
Turn   | Place    | Note
-------+----------+-------------------------------------------
     0 | D:1      | Iko the Mummy Chaos Knight began the quest for the Orb.
     0 | D:1      | Reached XP level 1. HP: 18/18 MP: 1/1
   184 | D:1      | XOM: harmless Summ miscast
   187 | D:1      | Reached XP level 2. HP: 19/24 MP: 2/2
   404 | D:2      | Reached XP level 3. HP: 26/29 MP: 3/3
   504 | D:4      | XOM: silly message
   509 | D:4      | Reached skill level 1 in Dodging
   513 | D:4      | Reached XP level 4. HP: 13/36 MP: 4/4
   529 | D:4      | XOM: silly message
   617 | D:4      | Found a staircase to the Ecumenical Temple.
   644 | D:4      | XOM: divination: magic mapping
   646 | D:4      | Noticed a phantom
   659 | D:4      | XOM: potion effect (brilliance)
   845 | D:4      | XOM: harmless Conj miscast
   889 | D:5      | Entered Level 5 of the Dungeon
   908 | D:5      | Reached XP level 5. HP: 5/42 MP: 5/5
  1009 | D:4      | Noticed an ogre
  1015 | D:4      | Killed an ogre
  1015 | D:4      | Reached skill level 1 in Stealth
  1015 | D:4      | Reached XP level 6. HP: 13/48 MP: 6/6
  1055 | D:4      | XOM: smoke on damage
  1096 | D:5      | XOM: noise
  1097 | D:5      | XOM: noise
  1098 | D:5      | XOM: potion effect (curing)
  1208 | D:6      | XOM: smoke on damage
  1213 | D:6      | Reached XP level 7. HP: 25/55 MP: 7/7
  1239 | D:6      | HP: 2/55 [something (5)]
  1239 | D:6      | Slain by a hound

Skill      XL: |  1  2  3  4  5  6  7 |
---------------+----------------------+-----
Axes           | 3 4 |  4.6
Armour         | 2 3 |  3.2
Dodging        | 1 2 |  2.0
Fighting       | 4 |  4.3
Stealth        | 1 2 |  2.0

Action                   |  1- 3 |  4- 6 |  7- 9 || total
-------------------------+-------+-------+-------++-------
Melee: Hand axe          |    61 |    71 |     6 ||   138
  Use: Scroll            |     6 |     5 |       ||    11
 Stab: Paralysed         |       |     7 |     1 ||     8
Armor: Leather armour    |    25 |       |       ||    25
       Ring mail         |       |    23 |     8 ||    31
Dodge: Dodged            |    46 |    32 |     1 ||    79
